 Dungeon Crawl Stone Soup version 0.31-a0-1005-gfbdfbacc72 (webtiles) character file.

Game seed: 3169955672174143794

142758 Armakuni the Deadly Accurate (level 17, -7/139 HPs)
             Began as a Human Artificer on Nov 9, 2023.
             Was an Initiate of Gozag.
             Mangled by a naga warrior
             ... wielding a +0 glaive
              (15 damage)
             ... on level 4 of the Snake Pit on Nov 10, 2023.
             The game lasted 01:51:25 (35428 turns).

Armakuni the Deadly Accurate (Human Artificer)     Turns: 35428, Time: 01:51:26

Health: -7/139     AC: 29    Str: 19    XL:     17   Next: 97%
Magic:  26/26      EV: 10    Int: 16    God:    Gozag
Gold:   1679       SH: 13    Dex: 14    Spells: 12/16 levels left

rFire   + + +        a - +9 eveningstar (protect)
rCold   + + .        j - +0 kite shield
rNeg    . . .        M - +4 chain mail "Vinojy Mage" {rElec rPois rF++}
rPois   +            I - +0 helmet
rElec   +            t - scarf {rC+ rF+}
rCorr   +            f - +2 pair of gloves of a treasure trove {MP+9 Slay+2}
SInv    .            q - +1 pair of boots
Will    +++..        U - amulet of Byggauf {Regen+ Int+3} Stlth
                     E - ring of Wiuf {*Corrode rElec rF+ rC+ AC+4}
HPRegen 1.23/turn    K - ring "Xommoran" {Will+ rCorr Slay+2}
MPRegen 0.20/turn

%: corrode self (3%)
@: lethally poisoned (-7 -> -11), weakened, corroded, gold aura, under a
protective aura, enlightened, flying, hasted, studying Throwing, very quick
A: no striking features
a: Renounce Religion, Potion Petition, Call Merchant, Bribe Branch


You were on level 4 of the Snake Pit.
You worshipped Gozag.
Gozag was most pleased with you.
You visited 5 branches of the dungeon, and saw 27 of its levels.
You also visited: Gauntlet and Ice Cave.

You collected 10121 gold pieces.
You spent 3405 gold pieces at shops.
You paid 5037 gold pieces to Gozag.

Inventory:

Hand Weapons
 a - a +9 eveningstar of protection (weapon)
 b - a +3 demon whip of venom
Missiles
 d - a javelin
 o - 7 boomerangs (quivered)
 F - 10 curare-tipped darts
 G - 4 atropa-tipped darts
 N - a throwing net
 V - 4 silver javelins
Armour
 f - the +2 pair of gloves of a treasure trove (worn) {MP+9 Slay+2}
   (You acquired it on level 9 of the Dungeon)

   Slay+2:    It affects your accuracy & damage with ranged weapons and melee
   (+2).
   MP+9:      It affects your magic capacity (+9).
 j - a +0 kite shield (worn)
 q - a +1 pair of boots (worn)
 t - a scarf of resistance (worn)
 I - a +0 helmet (worn)
 M - the +4 chain mail "Vinojy Mage" (worn) {rElec rPois rF++}
   (You bought it in a shop on level 1 of the Lair of Beasts)

   rF++:      It greatly protects you from fire.
   rElec:     It insulates you from electricity.
   rPois:     It protects you from poison
Jewellery
 s - a ring of protection from cold
 E - the ring of Wiuf (left hand) {*Corrode rElec rF+ rC+ AC+4}
   (You found it on level 5 of the Lair of Beasts)

   [ring of protection]

   AC+4:      It affects your AC (+4).
   rF+:       It protects you from fire.
   rC+:       It protects you from cold.
   rElec:     It insulates you from electricity.
   *Corrode:  It may corrode you when you take damage.
 K - the ring "Xommoran" (right hand) {Will+ rCorr Slay+2}
   (You found it in a Gauntlet)

   [ring of willpower]

   Slay+2:    It affects your accuracy & damage with ranged weapons and melee
   (+2).
   Will+:     It increases your willpower.
   rCorr:     It protects you from acid and corrosion.
 U - the amulet of Byggauf (around neck) {Regen+ Int+3}
   (You found it in an ice cave)

   [amulet of regeneration]

   Int+3:     It affects your intelligence (+3).
   Regen+:    It increases your rate of health regeneration.
Talismans
 r - a talisman of death
Wands
 e - a wand of paralysis (12)
 k - a wand of digging (11)
 p - a wand of polymorph (14)
 H - a wand of flame (28)
 L - a wand of acid (6)
 R - a wand of roots (1)
 T - a wand of mindburst (18)
Scrolls
 c - 4 scrolls of amnesia
 h - 2 scrolls of vulnerability
 n - 7 scrolls of fog
 v - 8 scrolls of identify
 w - 2 scrolls of silence
 y - 6 scrolls of enchant armour
 B - 3 scrolls of poison
 C - 5 scrolls of immolation
 D - 3 scrolls of noise
 S - a scroll of butterflies
 W - 2 scrolls of teleportation
 Y - a scroll of fear
Potions
 g - a potion of berserk rage
 l - 2 potions of enlightenment
 m - 4 potions of lignification
 u - 5 potions of cancellation
 z - 5 potions of curing
 A - a potion of magic
 J - 3 potions of heal wounds
 Q - 3 potions of haste
 X - 3 potions of mutation
Miscellaneous
 i - a box of beasts
 x - a condenser vane (inert)
 P - a phial of floods (inert)


   Skills:
 - Level 14.0 Fighting
 - Level 16.0 Maces & Flails
 + Level 16.3 Throwing
 - Level 10.0 Armour
 - Level 6.3 Dodging
 - Level 1.0 Stealth
 - Level 15.0 Shields
 - Level 6.1 Evocations


You had 12 spell levels left.
You knew the following spells:

 Your Spells              Type           Power      Damage    Failure   Level
m - Iskenderun's Mystic   Conj/Tloc      0%         2d3       100%        4

Your spell library contained the following spells:

 Spells                   Type           Power      Damage    Failure   Level
 Freeze                   Ice            0%         1d3       94%         1
 Magic Dart               Conj           0%         1d3       94%         1
 Shock                    Conj/Air       0%         1d3       94%         1
 Sting                    Tmut/Pois      0%         1d3       94%         1
 Summon Small Mammal      Summ           0%         N/A       94%         1
 Poisonous Vapours        Pois/Air       0%         N/A       98%         2
 Searing Ray              Conj           0%         2d4       98%         2
 Static Discharge         Conj/Air       0%         3-3/arc   98%         2
 Sublimation of Blood     Necr           0%         N/A       98%         2
 Wereblood                Tmut           0%         N/A       98%         2
 Call Canine Familiar     Summ           0%         N/A       100%        3
 Dazzling Flash           Conj/Hex       0%         N/A       100%        3
 Frozen Ramparts          Ice            0%         1d1       100%        3
 Hailstorm                Conj/Ice       0%         3d3       100%        3
 Inner Flame              Hex/Fire       0%         N/A       100%        3
 Summon Guardian Golem    Hex/Summ       0%         N/A       100%        3
 Swiftness                Air            0%         N/A       100%        3
 Volatile Blastmotes      Fire/Tloc      0%         2d10      100%        3
 Airstrike                Air            0%         2d(0-16)  100%        4
 Flame Wave               Conj/Fire      0%         2d4       100%        4
 Fulminant Prism          Conj/Hex       0%         3d5       100%        4
 Olgreb's Toxic Radiance  Pois           0%         N/A       100%        4
 Sticky Flame             Conj/Fire      0%         2d3       100%        4
 Summon Ice Beast         Ice/Summ       0%         N/A       100%        4
 Summon Lightning Spire   Summ/Air       0%         N/A       100%        4
 Agony                    Necr           0%         N/A       100%        5
 Silence                  Hex/Air        0%         N/A       100%        5
 Summon Mana Viper        Hex/Summ       0%         N/A       100%        5
 Starburst                Conj/Fire      0%         6d3       100%        6
 Monstrous Menagerie      Summ           0%         N/A       100%        7
 Summon Hydra             Summ           0%         N/A       100%        7
 Maxwell's Capacitive Co  Air            0%         ∞         100%        8


Dungeon Overview and Level Annotations

Branches:
Dungeon (15/15)            Temple (1/1) D:5            Lair (5/5) D:10
 Shoals (0/4) Lair:2        Snake (4/4) Lair:2        Slime (0/5) Lair:5
    Orc (2/2) D:9             Elf (0/3) Orc:2        Vaults (0/5) D:14
 Depths (0/4) D:15          IceCv (visited)         Gauntlet (visited)

Altars:
Ashenzari
Cheibriados
Dithmenos
Elyvilon
Fedhas
Gozag
Hepliaklqana
Kikubaaqudgha
Makhleb
Nemelex Xobeh
Okawaru
Qazlal
Ru
Sif Muna
Trog
Uskayaw
Vehumet
Wu Jian
Xom
Yredelemnul
Zin
The Shining One
Jiyva

Shops:
D:5 ?   D:7 :   D:9 *   Orc:2 ([:([   Lair:1 [([((   Snake:2 *?(*

Portals:
Trove: D:10 (give +7 demon blade)

Annotations:
D:8 2 transporters, Pim's ghost, journeyman HuIE
D:10 exclusion: downstairs
Lair:4 exclusion: downstairs
Snake:4 Roxanne


Message History

The nagaraja is almost dead.
You feel sick.
The nagaraja gestures at you while chanting.
The bolt of poison hits you! You resist.
* * * LOW HITPOINT WARNING * * *
The nagaraja constricts you.
You closely miss the nagaraja.
The nagaraja is almost dead.
You feel sick. The nagaraja casts a spell at you. The bolt of poison hits you.
You are more poisoned.
You resist.
* * * LOW HITPOINT WARNING * * *
The nagaraja constricts you.
The naga warrior hits you but does no damage.
You puncture the nagaraja!
The nagaraja is almost dead.
You feel sick.
A naga comes into view.
It is wielding a +0 war axe of electrocution.
You block the nagaraja's attack. The nagaraja constricts you.
You closely miss the nagaraja.
The nagaraja is almost dead.
You feel very sick. You block the naga warrior's attack.
You hit the nagaraja but do no damage.
The nagaraja is almost dead.
You feel sick.
You puncture the nagaraja!
You kill the nagaraja!
You feel sick.
Throw: 7 boomerangs
Press: ? - help, Q - select action, (/) - cycle Shift-Dir - straight line, f - naga warrior
Aim: a naga warrior, wielding a +0 glaive (severely wounded, 74% to hit)
You throw a boomerang. The boomerang hits the naga warrior!
The naga warrior is almost dead.
You feel sick.
The naga warrior hits you from afar with a +0 glaive!
You die...
Your body crumbles into a pile of gold.

##....................#
#((..................#
#.....N.N...........###
#...####..N...........#
####N###......≈≈...##.#
##$###......≈...##)###
##N#########.###...##
##$## ###.....). ##@#
#....... ### #...N...
#....#.. #.......
##..#... ##....⌠ #.....
NN..#.. .N.....#


You could see a naga warrior and a naga.

Vanquished Creatures
  A storm dragon (shapeshifter) (D:15)
  Aizul (Snake:4)
  2 nagarajas (Snake:4)
  The ghost of kae the Jinx, a journeyman DsEn of Dithmenos (Lair:5)
  Azrael (D:15)
  The ghost of AceOff the Cleaver, a journeyman FoFi of Qazlal (Orc:2)
  A white draconian (IceCv)
  A minotaur (Gauntlet)
  An ettin (Orc:1)
  Josephine (D:13)
  An entropy weaver (D:14)
  A fire dragon (Lair:5)
  The ghost of Zgarb the Grappler, a journeyman VSSh of Wu Jian (Lair:2)
  A rakshasa (D:14)
  A vault guard (D:14)
  Erolcha (Orc:1)
  An ice dragon (Lair:5)
  A salamander tyrant (Snake:4)
  6 anacondas
  4 hydras
  2 centaur warriors (D:13)
  A death yak (Lair:2)
  10 naga warriors
  5 tengu warriors
  2 two-headed ogres
  An occultist (D:15)
  2 shock serpents (Snake:3)
  5 orc high priests (Orc:2)
  7 naga sharpshooters
  2 salamander mystics
  A skyshark (Lair:4)
  A naga ritualist (Snake:2)
  A swamp dragon (Lair:5)
  2 sea snakes (Snake:1)
  A glowing orange brain (D:15)
  An arcanist (D:14)
  A lindwurm (Lair:5)
  4 orc knights (Orc:2)
  6 mana vipers
  A deep elf pyromancer (D:12)
  An orc sorcerer (Orc:1)
  2 manticores (D:14)
  4 oklob plants
  9 salamanders
  24 ugly things
  7 cyclopes
  Joseph (D:10)
  6 torpor snails
  29 black mambas
  2 ice statues (IceCv)
  11 elephants
  12 naga magi
  10 cane toads
  6 guardian serpents
  An unseen horror (D:10)
  An efreet (D:12)
  7 rime drakes
  A rime drake (shapeshifter) (D:15)
  A tengu conjurer (D:15)
  3 kobold demonologists
  4 yaktaurs (D:15)
  12 komodo dragons
  A troll (shapeshifter) (D:15)
  2 ice devils (D:12)
  2 polar bears (Lair:4)
  3 meliai (D:14)
  3 trolls
  7 hornets (Lair:5)
  4 tyrant leeches (Lair:5)
  9 dream sheep
  35 blink frogs
  A slime creature (shapeshifter) (D:13)
  28 slime creatures
  6 wraiths
  3 shadows
  13 flying skulls (Gauntlet)
  2 vampires
  2 fire elementals (D:15)
  21 yaks
  2 wyverns
  5 steam dragons
  2 basilisks
  6 vampire mosquitoes
  42 nagas
  4 wargs (Orc:2)
  10 water moccasins
  6 acid dragons
  5 hell hounds (D:15)
  35 orc warriors
  4 sky beasts
  A swamp drake (Lair:5)
  2 black bears
  4 ogres
  A tengu (Lair:1)
  10 wolves
  4 centaurs
  A phantom (D:6)
  Blork the orc (D:6)
  A kobold brigand (D:7)
  8 bullfrogs
  A gnoll sergeant (D:9)
  A scorpion (D:6)
  6 lindwurm simulacra (IceCv)
  21 killer bees
  5 electric eels
  2 howler monkeys (D:11)
  A lava snake (D:13)
  3 hounds
  6 komodo dragon simulacra (IceCv)
  32 orc priests
  2 jellies
  10 iguanas
  A gnoll bouda (D:6)
  Jessica (D:3)
  4 sleepcaps
  13 orc wizards
  4 hell rats (Lair:1)
  Robin (D:4)
  10 gnolls
  4 acid dragon simulacra (IceCv)
  5 adders
  A shadow imp (D:7)
  2 white imps
  5 steam dragon simulacra (IceCv)
  2 ufetubi (D:6)
  3 worms
  4 dart slugs
  78 orcs
  8 endoplasms
  2 giant cockroaches (D:1)
  10 goblins
  7 hobgoblins
  13 jackals
  4 quokkas
  4 ball pythons
  10 bats
  2 frilled lizards
  19 kobolds
  5 rats
847 creatures vanquished.

Vanquished Creatures (collateral kills)
  An orc wizard (D:4)
  A worm (D:2)
  2 orcs
  2 goblins
6 creatures vanquished.

Vanquished Creatures (others)
  A yak (D:6)
  An orc warrior (D:6)
  An adder (D:3)
3 creatures vanquished.

Grand Total: 856 creatures vanquished

Notes
Turn   | Place    | Note
-------+----------+-------------------------------------------
     0 | D:1      | Armakuni the Human Artificer began the quest for the Orb.
     0 | D:1      | Reached XP level 1. HP: 15/15 MP: 1/1
   208 | D:1      | Reached XP level 2. HP: 17/21 MP: 2/2
   541 | D:1      | Reached XP level 3. HP: 25/26 MP: 3/3
  1174 | D:2      | Reached XP level 4. HP: 32/32 MP: 4/4
  1360 | D:2      | Reached skill level 5 in Evocations
  1790 | D:2      | Reached XP level 5. HP: 27/37 MP: 5/5
  2345 | D:3      | Noticed Jessica
  2364 | D:3      | Killed Jessica
  2835 | D:3      | Found a shimmering blue altar of Sif Muna.
  3040 | D:3      | Noticed Robin
  3152 | D:4      | Killed Robin
  3419 | D:4      | Reached XP level 6. HP: 43/43 MP: 6/6
  3540 | D:4      | Reached skill level 1 in Maces & Flails
  4479 | D:5      | Entered Level 5 of the Dungeon
  4479 | D:5      | Found a staircase to the Ecumenical Temple.
  4500 | D:5      | Reached XP level 7. HP: 47/48 MP: 7/7
  4511 | Temple   | Entered the Ecumenical Temple
  4520 | Temple   | Became a worshipper of Gozag Ym Sagoz the Greedy
  4689 | D:5      | Reached skill level 5 in Maces & Flails
  4766 | D:5      | Found a shimmering altar of Xom.
  5082 | D:5      | Found Qerrurch's Magic Scroll Shoppe.
  5088 | D:5      | Bought a scroll of fog for 40 gold pieces
  5088 | D:5      | Bought a scroll of identify for 20 gold pieces
  5088 | D:5      | Bought a scroll of identify for 20 gold pieces
  5088 | D:5      | Bought a scroll of identify for 20 gold pieces
  5092 | D:5      | Reached XP level 8. HP: 54/54 MP: 8/8
  5211 | D:6      | Reached XP level 9. HP: 58/59 MP: 9/9
  5749 | D:6      | Noticed Blork the orc
  5766 | D:6      | Killed Blork the orc
  6534 | D:7      | Reached XP level 10. HP: 42/73 MP: 10/10
  6792 | D:7      | Reached skill level 5 in Fighting
  6972 | D:7      | Found Gotant's Book Boutique.
  7274 | D:7      | Found an ornate altar of the Wu Jian Council.
  7324 | D:7      | Found a hide-covered altar of Uskayaw.
  7631 | D:8      | Found a transporter.
  7667 | D:8      | Noticed Pim's ghost (journeyman HuIE)
  7736 | D:8      | Found a transporter.
  8033 | D:9      | Found a staircase to the Orcish Mines.
  8083 | D:9      | Noticed a kobold demonologist
  8090 | D:9      | Killed a kobold demonologist
  8573 | D:7      | Bought a manual of Throwing for 960 gold pieces
  8673 | D:9      | Found an ancient bone altar of Kikubaaqudgha.
  8686 | D:9      | Learned a level 4 spell: Iskenderun's Mystic Blast
  8736 | D:9      | Found a white marble altar of Elyvilon.
  8755 | D:9      | Noticed a two-headed ogre
  8765 | D:9      | Killed a two-headed ogre
  9053 | D:9      | Found Suwnor's Neck Hole.
  9167 | D:9      | Identified a scroll of acquirement
  9168 | D:9      | Acquired the +2 pair of gloves of a treasure trove {MP+9
                  | Slay+2}
  9235 | D:10     | Entered Level 10 of the Dungeon
  9308 | D:10     | Reached skill level 5 in Throwing
  9308 | D:10     | Reached XP level 11. HP: 84/84 MP: 11/11
  9652 | D:10     | Noticed Joseph
  9677 | D:10     | Killed Joseph
  9696 | D:10     | Found a staircase to the Lair.
 10802 | D:10     | Found a portal to a secret trove of treasure.
 10863 | D:10     | Found a sparkling altar of Nemelex Xobeh.
 10864 | D:10     | Found a glowing golden altar of the Shining One.
 10866 | D:10     | Found a shadowy altar of Dithmenos.
 10876 | D:10     | Found a blossoming altar of Fedhas.
 10876 | D:10     | Found a hazy altar of Hepliaklqana.
 10877 | D:10     | Found a radiant altar of Vehumet.
 11148 | D:11     | Noticed a cyclops
 11283 | Lair:1   | Entered Level 1 of the Lair of Beasts
 11575 | Lair:1   | Noticed Maggie
 11576 | Lair:1   | Maggie changed into Maggie the tengu
 11576 | Lair:1   | Noticed Maggie
 11588 | Lair:1   | Paralysed by Maggie for 5 turns
 11597 | Lair:1   | Killed Maggie the tengu
 11886 | Lair:1   | Reached skill level 5 in Armour
 12546 | Lair:1   | Reached XP level 12. HP: 91/91 MP: 12/12
 13490 | Lair:2   | Noticed Zgarb's ghost (journeyman VSSh)
 13491 | Lair:2   | Noticed a death yak
 13519 | Lair:2   | Noticed a seven-headed hydra
 13582 | Lair:2   | Found a runed translucent gate.
 13582 | Lair:2   | Found a runed translucent gate.
 13583 | Lair:2   | Found a runed translucent gate.
 14694 | Lair:2   | Reached skill level 10 in Armour
 14874 | Lair:2   | Found a staircase to the Shoals.
 15099 | Lair:2   | Found a staircase to the Snake Pit.
 15937 | Lair:3   | Reached skill level 5 in Dodging
 15939 | Lair:3   | Reached XP level 13. HP: 66/96 MP: 13/13
 16179 | Lair:1   | Bought a runed eveningstar for 432 gold pieces
 17081 | Lair:4   | Noticed a seven-headed hydra
 17088 | Lair:4   | Killed a seven-headed hydra
 17089 | Lair:4   | Reached skill level 15 in Maces & Flails
 18474 | Lair:5   | Entered Level 5 of the Lair of Beasts
 18474 | Lair:5   | Noticed a seven-headed hydra
 18735 | D:5      | Bought a scroll of teleportation for 30 gold pieces
 18975 | Lair:5   | Noticed a six-headed hydra
 18983 | Lair:5   | Killed a six-headed hydra
 18984 | Lair:5   | Reached skill level 1 in Shields
 18990 | Lair:5   | Identified the ring of Wiuf {*Corrode rElec rF+ rC+ AC+4}
 19526 | Lair:5   | Identified the +2 ring mail of Zin's Righteous Anger
                  | {*Corrode +Blink rN+ Will++}
 19539 | Lair:5   | Found a runed translucent door.
 19540 | Lair:5   | Noticed an ice dragon
 19564 | Lair:5   | Paralysed by a hornet for 3 turns
 19680 | Lair:4   | Reached skill level 5 in Shields
 19680 | Lair:4   | Reached XP level 14. HP: 89/98 MP: 14/14
 19817 | Lair:5   | Found a runed translucent door.
 19819 | Lair:5   | Noticed kae's ghost (journeyman DsEn)
 20774 | Lair:5   | Found a viscous altar of Jiyva.
 21478 | Lair:5   | Found a staircase to the Slime Pits.
 21620 | Lair:5   | Killed kae's ghost
 21621 | Lair:5   | Reached skill level 10 in Shields
 22041 | Lair:2   | Killed Zgarb's ghost
 22456 | Lair:1   | Bought a bloodstained chain mail for 389 gold pieces
 22456 | Lair:1   | Identified the +4 chain mail "Vinojy Mage" {rElec rPois
                  | rF++} (You bought it in a shop on level 1 of the Lair of
                  | Beasts)
 22547 | Orc:1    | Entered Level 1 of the Orcish Mines
 22551 | Orc:1    | Noticed Erolcha
 22562 | Orc:1    | Killed Erolcha
 22784 | Orc:2    | Entered Level 2 of the Orcish Mines
 22784 | Orc:2    | Found a runed translucent door.
 22791 | Orc:2    | Paralysed by an orc sorcerer for 5 turns
 22869 | Orc:2    | Noticed AceOff's ghost (journeyman FoFi)
 22892 | Orc:2    | Found a staircase to the Elven Halls.
 23241 | Orc:2    | Reached XP level 15. HP: 80/108 MP: 15/15
 23776 | Orc:2    | Found Bakhleire's Weapon Shoppe.
 24385 | Orc:2    | Found Muhett's Armour Shop.
 24385 | Orc:2    | Found Kugen's Antique Armour Shop.
 24391 | Orc:2    | Found Bige's Book Boutique.
 24391 | Orc:2    | Found Ukoug's Antique Weapon Shop.
 24403 | Orc:2    | Bought a scorched buckler for 199 gold pieces
 24403 | Orc:2    | Identified the +0 buckler "Lotzomaj" {Will- Int+4} (You
                  | bought it in a shop on level 2 of the Orcish Mines)
 24639 | Orc:2    | Killed AceOff's ghost
 25240 | Lair:1   | Bought a warped chain mail for 313 gold pieces
 25240 | Lair:1   | Identified the +4 chain mail of Sorcery {Regen+ Stlth+}
                  | (You bought it in a shop on level 1 of the Lair of Beasts)
 26070 | D:12     | Found a frozen archway.
 26091 | IceCv    | Entered an ice cave
 26522 | IceCv    | Identified the amulet of Byggauf {Regen+ Int+3}
 27220 | D:12     | Upgraded the game from 0.31-a0-1002-g8e65716e6e to
                  | 0.31-a0-1005-gfbdfbacc72
 27743 | D:13     | Noticed Josephine
 27751 | D:13     | Killed Josephine
 27758 | D:13     | Reached skill level 15 in Shields
 27760 | D:13     | Reached skill level 10 in Throwing
 27812 | D:13     | Identified the +2 leather armour of Yredelemnul, Thieving
                  | {Regen+ Dex+3}
 28476 | D:14     | Found a hazy altar of Hepliaklqana.
 28477 | D:14     | Identified the +6 scale mail of the Impish Hot Ocelot
                  | {Regen+ Str+3}
 28597 | D:14     | Found a gate to the Vaults.
 28656 | D:14     | Reached XP level 16. HP: 100/117 MP: 16/16
 29690 | D:15     | Entered Level 15 of the Dungeon
 29967 | D:15     | Found a gate leading to a gauntlet.
 29977 | Gauntlet | Entered a Gauntlet
 29977 | Gauntlet | Found a transporter.
 29977 | Gauntlet | Found a transporter.
 29986 | Gauntlet | Found a transporter.
 29996 | Gauntlet | Found a transporter.
 30011 | Gauntlet | Found a transporter.
 30023 | Gauntlet | Found a transporter.
 30036 | Gauntlet | Found a transporter.
 30039 | Gauntlet | Found a transporter.
 30056 | Gauntlet | Found a transporter.
 30073 | Gauntlet | Found a transporter.
 30077 | Gauntlet | Found a transporter.
 30116 | Gauntlet | Found a transporter.
 30233 | Gauntlet | Identified the ring "Xommoran" {Will+ rCorr Slay+2}
 30564 | D:15     | Reached skill level 10 in Fighting
 30700 | D:15     | Noticed Azrael
 30712 | D:15     | Killed Azrael
 31050 | D:15     | a stone giant changed into a frost giant
 31050 | D:15     | Noticed a frost giant (glowing shapeshifter)
 31052 | D:15     | a frost giant changed into a formless jellyfish
 31054 | D:15     | a formless jellyfish changed into a storm dragon
 31054 | D:15     | Noticed a storm dragon (glowing shapeshifter)
 31063 | D:15     | Killed a storm dragon
 31149 | D:15     | Found a staircase to the Depths.
 31435 | Snake:1  | Entered Level 1 of the Snake Pit
 32447 | Snake:2  | Found Pozyatif's Weapon Emporium.
 32467 | Snake:2  | Found Iwylloc's Assorted Antiques.
 32467 | Snake:2  | Found Vidamug's General Store.
 32470 | Snake:2  | Found Ted Zia's Magic Scroll Shoppe.
 32496 | Snake:2  | Reached XP level 17. HP: 70/131 MP: 6/17
 32627 | Snake:2  | Bought a scroll of brand weapon for 142 gold pieces
 32628 | Snake:2  | Bought a scroll of teleportation for 45 gold pieces
 32628 | Snake:2  | Bought a scroll of noise for 15 gold pieces
 32631 | Snake:2  | Bought a scroll of enchant armour for 225 gold pieces
 32631 | Snake:2  | Bought an ancient flail for 255 gold pieces
 32631 | Snake:2  | Identified the +5 flail of Pain and Death {freeze, rN+
                  | Dex+3 SInv} (You bought it in a shop on level 2 of the
                  | Snake Pit)
 32634 | Snake:2  | Bought a potion of haste for 300 gold pieces
 33791 | Snake:3  | Reached skill level 15 in Throwing
 34793 | Snake:4  | Entered Level 4 of the Snake Pit
 34968 | Snake:4  | Acquired a manual of Throwing
 35058 | Snake:4  | Identified the serpent talisman of the Cuttlefish {rPois}
 35058 | Snake:4  | Noticed Aizul
 35077 | Snake:4  | Killed Aizul
 35256 | Snake:4  | Noticed Roxanne
 35428 | Snake:4  | Mangled by a naga warrior

Illustrated notes

Levels and vault maps discovered:
D:1:      lemuel_arrival_hallway, layout_basic
D:2:      layout_basic, minivault_4, minmay_split_cup_large
D:3:      layout_loops_ring, nicolae_overflow_crystal_walls, uniq_robin,
          uniq_jessica
D:4:      minmay_wonky_spiral, layout_basic
D:5:      layout_basic, kennysheep_mini_moat,
          minmay_temple_entry_drinking_statues, serial_shops,
          nicolae_shop_rolling_square
D:6:      layout_loops_cross, corexii_hall_statues_i, nrook_uturn,
          uniq_blork_the_orc
D:7:      layout_loops_ring, mainiacjoe_overflow_brackets,
          mainiacjoe_overflow_alcove_1, serial_shops,
          nicolae_book_shop_shelving, serial_bayou_pond_c
D:8:      layout_rooms, gammafunk_ghost_arena
D:9:      layout_cave_pools, elyvilon_altar_3, old_standard_altar, orc_0_dummy,
          serial_column_ruins, column_ruins_corridor_straight,
          column_ruins_open_tiny, column_ruins_columns_plus,
          column_ruins_open_medium, column_ruins_open_tiny,
          nicolae_shop_sticking_my_neck_out
D:10:     layout_basic, grunt_temple_overflow_open, lair_entry_dummy,
          enter_trove_3, grunt_ministairs_3, uniq_joseph
D:11:     layout_rooms
D:12:     layout_stronghold, portal_ice_cave_demonic_guard
D:13:     layout_grid_maze, nicolae_lava_and_water, uniq_josephine
D:14:     layout_basic, hellmonk_vaults_order_and_chaos,
          nicolae_hepliaklqana_hazy_memory, minmay_misc_feat_room,
          grunt_decor_resistance
D:15:     gammafunk_enter_depths_forms, layout_loops_ring,
          gauntlet_entry_generic, minmay_misc_feat_alley, uniq_azrael
Temple:   nicolae_temple_ecumenical_triangle
Lair:1:   layout_cave_pods, uniq_maggie
Lair:2:   layout_chaotic_city, shoals_dummy_entry, alex1729_snake_entry_snake,
          gammafunk_ghost_split, columned_hall_lemuel, guppyfry_lair_drakes
Lair:3:   layout_gridlike
Lair:4:   layout_cave_pods, grunt_megastairs_3
Lair:5:   wormcave, layout_big_grid, guppyfry_lair_end_dragon,
          minmay_slime_entry_oklob_open, ebering_ghost_inner_flame
Snake:1:  nrook_guardian_serpent_snake_passage, layout_basic,
          serial_bayou_shore_a
Snake:2:  layout_concentric_octagons, nicolae_letterblocks
          [nicolae_letter_subblock, nicolae_letter_subblock,
          nicolae_letter_subblock, nicolae_letter_subblock,
          nicolae_letter_subblock, nicolae_letter_subblock,
          nicolae_letter_subblock, nicolae_letter_subblock,
          nicolae_letter_subblock, nicolae_letter_subblock,
          nicolae_letter_subblock, nicolae_letter_subblock,
          nicolae_letter_subblock, nicolae_letter_subblock,
          nicolae_letter_subblock, nicolae_letter_subblock,
          nicolae_letter_subblock, nicolae_letter_subblock,
          nicolae_letter_subblock, nicolae_letter_subblock,
          nicolae_letter_subblock, nicolae_letter_subblock,
          nicolae_letter_subblock, nicolae_letter_subblock,
          nicolae_letter_subblock], lemuel_fruit_tree, minmay_shoptagon
Snake:3:  layout_onion, nicolae_snake_snakes_in_the_grass
Snake:4:  snake_pit, layout_layer_cave, uniq_roxanne, uniq_aizul
Orc:1:    layout_caves, uniq_erolcha
Orc:2:    st_orc_pillars, layout_caves, serial_shops,
          nicolae_shop_tiny_statue_garden, gammafunk_ghost_grave, mines5_lemuel

Skill      XL: |  1  2  3  4  5  6  7  8  9 10 11 12 13 14 15 16 17 |
---------------+----------------------------------------------------+-----
Evocations     | 4 5 6 |  6.1
Maces & Flails | 3 13 14 16 | 16.0
Fighting       | 4 7 8 11 14 | 14.0
Throwing       | 5 9 10 14 16 | 16.3
Armour         | 6 10 | 10.0
Dodging        | 5 6 |  6.3
Shields        | 5 11 15 | 15.0
Stealth        | |  1.0

Action                     |  1- 3 |  4- 6 |  7- 9 | 10-12 | 13-15 | 16-18 || total
---------------------------+-------+-------+-------+-------+-------+-------++-------
  Melee: Club              |    38 |    69 |   152 |       |       |       ||   259
         Whip              |   118 |   205 |       |       |       |       ||   323
         Punch             |     1 |       |     4 |    10 |     2 |       ||    17
         Flail             |       |       |    87 |   237 |       |       ||   324
         Morningstar       |       |       |       |   320 |     5 |       ||   325
         Eveningstar       |       |       |       |       |  1059 |   923 ||  1982
   Fire: Sling             |       |    10 |       |       |       |       ||    10
  Throw: Dart              |       |       |       |    89 |    65 |     6 ||   160
         Boomerang         |       |       |       |    56 |   102 |    28 ||   186
         Throwing net      |       |       |       |       |     2 |       ||     2
         Javelin           |       |       |       |       |       |     8 ||     8
 Invoke: Call Merchant     |       |       |       |     1 |     3 |     1 ||     5
         Potion Petition   |       |       |       |       |       |     1 ||     1
Ability: Evoke Invisibilit |       |       |       |     1 |     2 |       ||     3
  Evoke: Wand              |     8 |    16 |    18 |    27 |    22 |     2 ||    93
         Phial of floods   |       |       |       |       |     1 |     2 ||     3
         Box of beasts     |       |       |       |       |       |     1 ||     1
         Condenser vane    |       |       |       |       |       |     2 ||     2
    Use: Scroll            |     1 |     8 |     4 |     9 |    22 |    12 ||    56
         Potion            |       |     5 |     1 |     8 |     6 |     5 ||    25
   Stab: Sleeping          |       |       |     1 |       |       |       ||     1
         Invisible         |       |       |       |    23 |    11 |     4 ||    38
         Paralysed         |       |       |       |     5 |       |       ||     5
         Distracted        |       |       |       |     1 |     3 |     2 ||     6
         Held in net/web   |       |       |       |       |     2 |       ||     2
 Armour: Leather armour    |    29 |       |       |       |       |       ||    29
         Ring mail         |   102 |   275 |   133 |   224 |       |       ||   734
         Skin              |       |     9 |       |       |       |       ||     9
         Plate armour      |       |       |       |   256 |   457 |       ||   713
         Chain mail        |       |       |       |       |   215 |   661 ||   876
  Dodge: Dodged            |   106 |   203 |   103 |   213 |   296 |   272 ||  1193
  Block: Buckler           |       |       |       |       |    48 |       ||    48
         Kite shield       |       |       |       |       |   293 |   540 ||   833

Table legend: (Time is in decaauts)
 A = Elapsed time spent in this place.
 B = Non-inter-level travel time spent in this place.
 C = Inter-level travel time spent in this place.
 D = Time resting spent in this place.
 E = Time spent auto-exploring this place.
 F = Levels seen in this place.
 G = Mean time per level.
                   A        B        C        D        E       F      G
               +--------+--------+--------+--------+--------+-----+--------+
         Total |  34886 |  31922 |   2964 |   6592 |  15871 |  29 | 1203.0 |
       Dungeon |  16816 |  15194 |   1622 |   2275 |   8657 |  15 | 1121.1 |
        Temple |     18 |     10 |      8 |      0 |      0 |   1 |   18.0 |
          Lair |  10728 |   9612 |   1116 |   3117 |   3864 |   5 | 2145.6 |
     Snake Pit |   3900 |   3800 |    100 |    449 |   1968 |   4 |  975.0 |
  Orcish Mines |   2558 |   2441 |    117 |    692 |   1037 |   2 | 1279.0 |
      Ice Cave |    499 |    499 |      0 |     59 |    146 |   1 |  499.0 |
      Gauntlet |    364 |    364 |      0 |      0 |    199 |   1 |  364.0 |
               +--------+--------+--------+--------+--------+-----+--------+

Top non-repeatable levels by time:
  Lair:1: 2736 daAuts
  Lair:5: 2411 daAuts
  Lair:2: 2231 daAuts
    D:10: 1968 daAuts
  Lair:4: 1915 daAuts
   Orc:2: 1702 daAuts
     D:6: 1439 daAuts
  Lair:3: 1433 daAuts
     D:4: 1405 daAuts
    D:14: 1283 daAuts
     D:2: 1225 daAuts
 Snake:1: 1146 daAuts
    D:12: 1113 daAuts
 Snake:3: 1100 daAuts
     D:1: 1072 daAuts
